 Dungeon Crawl Stone Soup version 0.31-a0-640-g39d97e502b (webtiles) character file.

Game seed: 13300923626381240699

1066 LobsterGuardian the Covert (level 8, -7/48 HPs)
             Began as an Octopode Enchanter on Aug 28, 2023.
             Was an Initiate of Gozag.
             Mangled by a sleepcap (21 damage)
             ... on level 5 of the Dungeon.
             The game lasted 00:10:47 (4445 turns).

LobsterGuardian the Covert (Octopode Enchanter)     Turns: 4445, Time: 00:10:48

Health: -7/48      AC:  1    Str:  6    XL:     8   Next: 28%
Magic:  6/13       EV:  2    Int: 21    God:    Gozag
Gold:   649        SH:  0    Dex: 17    Spells: 1/14 levels left

rFire   . . .        o - +4 dagger of Wyrd {heavy, +Blink rElec rPois Dex+3}
rCold   + . .        (no shield)
rNeg    . . .        n - +0 hat
rPois   +            e - amulet of reflection
rElec   +            (no ring)
rCorr   .            (no ring)
SInv    .            (no ring)
Will    .....        (no ring)
Stlth   +++++        (no ring)
HPRegen 0.28/turn    (no ring)
MPRegen 0.13/turn    (no ring)
                     (no ring)

%: reflection
@: sleeping, gold aura
A: almost no armour, amphibious, 8 rings, camouflage 1, gelatinous body 1,
(nimble swimmer 1), tentacles, clever 1, cold resistance 1
a: Renounce Religion, Evoke Blink, Potion Petition, Call Merchant, Bribe Branch


You were on level 5 of the Dungeon.
You worshipped Gozag.
Gozag was pleased with you.
You visited 1 branch of the dungeon, and saw 5 of its levels.

You collected 711 gold pieces.
You paid 62 gold pieces to Gozag.

Inventory:

Hand Weapons
 f - a +0 rapier
 o - the +4 dagger of Wyrd (weapon) {heavy, +Blink rElec rPois Dex+3}
   (You found it on level 3 of the Dungeon)

   Dex+3:     It affects your dexterity (+3).
   rElec:     It insulates you from electricity.
   rPois:     It protects you from poison +Blink: It lets you blink.
Missiles
 h - 9 poisoned darts
Armour
 n - a +0 hat (worn)
Jewellery
 e - an amulet of reflection (around mantle)
Wands
 w - a wand of polymorph (7)
Scrolls
 c - 2 scrolls of torment
 g - a scroll of teleportation
 i - a scroll of summoning {unknown}
 k - a scroll of enchant armour {unknown}
 l - a scroll of immolation
 r - a scroll of noise {unknown}
 s - a scroll of amnesia {unknown}
 v - a scroll of identify
Potions
 a - a potion of heal wounds {unknown}
 b - 2 potions of invisibility
 d - a potion of ambrosia {unknown}
 j - a potion of mutation
 m - a potion of enlightenment {unknown}
 p - 2 potions of brilliance {unknown}
 q - a potion of berserk rage {unknown}
 t - 2 potions of might {unknown}


   Skills:
 + Level 1.4 Fighting
 + Level 2.8 Short Blades
 + Level 2.4 Dodging
 + Level 9.0 Stealth
 + Level 3.7 Spellcasting
 * Level 5.6 Hexes
 + Level 2.3 Ice Magic


You had one spell level left.
You knew the following spells:

 Your Spells              Type           Power      Damage    Failure   Level
a - Ensorcelled Hibernat  Hex/Ice        40%        N/A       3%          2
b - Confusing Touch       Hex            27%        N/A       3%          3
c - Tukima's Dance        Hex            27%        N/A       3%          3
d - Dazzling Flash        Conj/Hex       30%        N/A       12%         3
e - Passwall              Tmut/Erth      2%         N/A       19%         2

Your spell library contained the following spells:

 Spells                   Type           Power      Damage    Failure   Level
 Sandblast                Erth           6%         2d5       12%         1
 Portal Projectile        Hex/Tloc       30%        N/A       12%         3
 Stone Arrow              Conj/Erth      6%         3d7       36%         3
 Iskenderun's Mystic Bla  Conj/Tloc      3%         2d3       77%         4


Dungeon Overview and Level Annotations

Branches:
Dungeon (5/15)
 Temple: D:4-7

Altars:
Fedhas
Gozag
Kikubaaqudgha
Nemelex Xobeh
Yredelemnul
Zin
The Shining One

Shops:
D:1 *

Annotations:
D:3 Robin


Innate Abilities, Weirdness & Mutations

You cannot wear most types of armour.
You are amphibious.
You can wear up to eight rings at the same time.
Your skin changes colour to match your surroundings (Stealth+).
Your rubbery body absorbs attacks. (AC +1, EV +1)
((You are camouflaged when in or above water. (Stealth+)))
You have tentacles for arms and can constrict up to eight enemies at once.
Your mind is acute. (Int +4, Str/Dex -1)
Your flesh is cold resistant. (rC+)


Message History

The white imp freezes you. You resist.
* * * LOW HITPOINT WARNING * * *
The white imp misses you.
You feel better.
You constrict the white imp, but do no damage.
The white imp shouts, "Turn tail, thou feeble flat-headed bum-bailey!"
The white imp hits you. The white imp freezes you. You resist.
You hit the white imp but do no damage.
The white imp appears confused.
The white imp is moderately wounded.
You constrict the white imp.
The white imp is distracted by your dazzling golden aura.
The white imp shouts!
You hit the white imp.
The white imp is no longer distracted by gold.
The white imp is severely wounded.
You constrict the white imp, but do no damage.
The white imp hits you. The white imp freezes you. You resist.
Unknown command.
You puncture the white imp!
You kill the white imp!
The sleepcap seems less confused.
You see here 6 gold pieces.
You hit the sleepcap. You grab the sleepcap.
The sleepcap is heavily damaged.
You constrict the sleepcap, but do no damage.
The sleepcap barely misses you. The sleepcap releases spores at you.
* * * LOW HITPOINT WARNING * * *
You hit the sleepcap but do no damage.
The sleepcap is heavily damaged.
You constrict the sleepcap. You block the sleepcap's attack.
You hit the sleepcap.
The sleepcap is severely damaged.
You constrict the sleepcap. The sleepcap releases spores at you.
* * * LOW HITPOINT WARNING * * *
You are engulfed in a cloud of soporific spores!
You fall asleep.
You lose your grip on the sleepcap.
The sleepcap releases spores at you!!
You die...
Your body crumbles into a pile of gold.

...###......#.....#.....#..#....#
...# #......#.....#.....#..###...
...######################..# ##..
..##.......................# ##.
..##.......................# #.
.##..####################..# ##
.....# .....#.....#.....#..# #
.....#......#..$f.#.....#..# #
.....#+###..#..#@.#..#..#..# #.
...#.# #..#..#..#..#..#..# ..#
..##.# #.....#.....#....[# ##.
.##### #.5...#.....#.....# # ##
################### #


You could see a sleepcap.

Vanquished Creatures
  A human (D:3)
  An ice beast (D:5)
  A black bear (D:3)
  An ogre (D:4)
  2 phantoms (D:5)
  2 scorpions (D:5)
  3 hounds (D:5)
  A jelly (D:5)
  3 iguanas (D:5)
  3 gnolls (D:3)
  7 adders
  2 white imps
  An ufetubus (D:5)
  2 worms
  2 dart slugs
  7 orcs
  6 endoplasms
  2 giant cockroaches
  11 goblins
  2 hobgoblins (D:4)
  3 jackals
  4 quokkas
  10 ball pythons
  2 bats (D:2)
  3 frilled lizards
  11 kobolds
  2 rats
95 creatures vanquished.

Vanquished Creatures (others)
  A dancing weapon (D:3)
1 creature vanquished.

Grand Total: 96 creatures vanquished

Notes
Turn   | Place    | Note
-------+----------+-------------------------------------------
     0 | D:1      | LobsterGuardian the Octopode Enchanter began the quest for
                  | the Orb.
     0 | D:1      | Reached XP level 1. HP: 11/11 MP: 3/3
   203 | D:1      | Found Cush's General Store.
   236 | D:1      | Reached XP level 2. HP: 17/17 MP: 5/5
   252 | D:1      | Learned a level 2 spell: Ensorcelled Hibernation
   611 | D:1      | Gained mutation: Your flesh is cold resistant. (rC+)
                  | [potion of mutation]
   611 | D:1      | Gained mutation: Your mind is acute. (Int +4, Str/Dex -1)
                  | [potion of mutation]
   728 | D:2      | Reached XP level 3. HP: 21/21 MP: 6/6
   732 | D:2      | Learned a level 3 spell: Confusing Touch
   805 | D:2      | Reached skill level 5 in Stealth
  1302 | D:2      | Reached XP level 4. HP: 27/27 MP: 7/7
  1325 | D:2      | Found a glowing silver altar of Zin.
  1487 | D:3      | Found an opulent altar of Gozag.
  1501 | D:3      | Became a worshipper of Gozag Ym Sagoz the Greedy
  1505 | D:3      | Found a blossoming altar of Fedhas.
  1594 | D:3      | Noticed a bullfrog
  1606 | D:3      | Identified the +4 ring mail of the Worm {Regen+}
  1677 | D:3      | Noticed Robin
  1687 | D:3      | Found a glowing golden altar of the Shining One.
  1760 | D:3      | Noticed a black bear
  1770 | D:3      | Killed a black bear
  1771 | D:3      | Reached skill level 6 in Stealth
  1771 | D:3      | Reached skill level 1 in Ice Magic
  1771 | D:3      | Reached XP level 5. HP: 7/32 MP: 1/8
  1884 | D:3      | Learned a level 3 spell: Tukima's Dance
  2251 | D:3      | Found a runed translucent door.
  2251 | D:3      | Noticed a human
  2375 | D:3      | Found a sparkling altar of Nemelex Xobeh.
  2397 | D:3      | Identified the +4 dagger of Wyrd {heavy, +Blink rElec rPois
                  | Dex+3}
  2462 | D:3      | Reached skill level 1 in Fighting
  2463 | D:3      | Reached XP level 6. HP: 19/38 MP: 3/9
  2690 | D:3      | Found a basalt altar of Yredelemnul.
  2768 | D:3      | Killed a human
  2769 | D:3      | Reached skill level 7 in Stealth
  2960 | D:4      | Identified the +6 quarterstaff "Cehurur" {pain, Str+5
                  | Stlth-}
  3029 | D:4      | Reached XP level 7. HP: 43/43 MP: 11/11
  3423 | D:4      | Found an ancient bone altar of Kikubaaqudgha.
  3716 | D:5      | Entered Level 5 of the Dungeon
  4049 | D:5      | Reached skill level 8 in Stealth
  4049 | D:5      | Reached skill level 5 in Hexes
  4127 | D:5      | Reached XP level 8. HP: 17/48 MP: 4/13
  4246 | D:5      | Learned a level 3 spell: Dazzling Flash
  4249 | D:5      | Learned a level 2 spell: Passwall
  4363 | D:5      | Reached skill level 9 in Stealth
  4445 | D:5      | Mangled by a sleepcap

Illustrated notes

Levels and vault maps discovered:
D:1:      psy_arrival_fountain, layout_basic, serial_shops, shop
D:2:      layout_loops_ring, basic_altar
D:3:      layout_loops_ring, mainiacjoe_overflow_chevrons,
          dk_yredelemnul_ordeal, lemuel_tele_altar,
          mainiacjoe_overflow_large_starburst, lightli_corner_chamber,
          uniq_robin
D:4:      layout_basic, kiku_gazebo_garden_becter
D:5:      kennysheep_windowed_halls, layout_cave_pods, ebering_ghost_sewer_d

Skill      XL: |  1  2  3  4  5  6  7  8 |
---------------+-------------------------+-----
Stealth        | 5 6 7 8 9 |  9.0
Ice Magic      | 1 2 |  2.3
Hexes          | 4 5 |  5.6
Fighting       | 1 |  1.4
Short Blades   | 2 |  2.8
Spellcasting   | 3 |  3.7
Dodging        | |  2.4

Action                     |  1- 3 |  4- 6 |  7- 9 || total
---------------------------+-------+-------+-------++-------
  Melee: Dagger            |    48 |    18 |    64 ||   130
         Constrict         |    10 |    18 |     5 ||    33
         Tentacles         |     3 |    13 |     8 ||    24
         Rapier            |    10 |    32 |       ||    42
         Punch             |       |     2 |       ||     2
   Cast: Ensorcelled Hiber |    10 |    20 |    14 ||    44
         Confusing Touch   |     1 |     2 |     6 ||     9
         Tukima's Dance    |       |     1 |       ||     1
    Use: Scroll            |     1 |     3 |     2 ||     6
         Potion            |     1 |     1 |     1 ||     3
   Stab: Sleeping          |    20 |    11 |    25 ||    56
         Invisible         |       |     1 |       ||     1
         Confused          |       |       |     3 ||     3
         Distracted        |       |       |     1 ||     1
 Armour: Skin              |     2 |     3 |     1 ||     6
  Dodge: Dodged            |    25 |    24 |    22 ||    71
  Block: Other             |     3 |    16 |     6 ||    25

Table legend: (Time is in decaauts)
 A = Elapsed time spent in this place.
 B = Non-inter-level travel time spent in this place.
 C = Inter-level travel time spent in this place.
 D = Time resting spent in this place.
 E = Time spent auto-exploring this place.
 F = Levels seen in this place.
 G = Mean time per level.
                   A        B        C        D        E       F      G
               +--------+--------+--------+--------+--------+-----+--------+
         Total |   4477 |   4340 |    137 |      0 |   3552 |   5 |  895.4 |
       Dungeon |   4477 |   4340 |    137 |      0 |   3552 |   5 |  895.4 |
               +--------+--------+--------+--------+--------+-----+--------+

Top non-repeatable levels by time:
     D:3: 1384 daAuts
     D:4: 925 daAuts
     D:2: 786 daAuts
     D:5: 743 daAuts
     D:1: 636 daAuts
